 Dungeon Crawl Stone Soup version 0.28-a0-172-g787e458d71 (webtiles) character file.

Game seed: 2708851739531557216

6983 wakim the Destroyer (level 10, -9/60 HPs)
             Began as a Deep Elf Conjurer on Aug 16, 2021.
             Was a Follower of Vehumet.
             Engulfed by a cloud of flame (20 damage)
             ... on level 10 of the Dungeon.
             The game lasted 00:32:03 (14913 turns).

wakim the Destroyer (Deep Elf Conjurer)            Turns: 14913, Time: 00:32:04

Health: -9/60      AC:  8    Str:  6    XL:     10   Next: 81%
Magic:  12/21      EV: 19    Int: 31    God:    Vehumet [*.....]
Gold:   214        SH:  0    Dex: 13    Spells: 12/21 levels left

rFire   . . .      SeeInvis .   a - +0 trident of Responsibility {elec, rElec rCorr}
rCold   + . .      Faith    .   (no shield)
rNeg    + . .      Spirit   .   w - +0 robe {Archmagi}
rPois   .          Reflect  .   k - +0 helmet of Alytirui {rC+ rN+}
rElec   +          Harm     .   s - scarf {shadows}
rCorr   +          Rampage  +   h - +1 pair of gloves
Will    +....      Archmagi +   j - +2 pair of boots {rampage}
Stlth   ++........              (no amulet)
HPRegen 0.20/turn               b - +6 ring of intelligence
MPRegen 0.17/turn               c - +4 ring of evasion

@: no status effects
A: no striking features
a: Renounce Religion


You were on level 10 of the Dungeon.
You worshipped Vehumet.
Vehumet was aware of your devotion.
You visited 2 branches of the dungeon, and saw 11 of its levels.

You collected 507 gold pieces.
You spent 293 gold pieces at shops.

Inventory:

Hand Weapons
 a - the +0 trident of Responsibility (weapon) {elec, rElec rCorr}
   (You bought it in a shop on level 4 of the Dungeon)

   It occasionally discharges a powerful burst of electricity upon striking a
   foe.
   rElec:     It insulates you from electricity.
   rCorr:     It protects you from acid and corrosion.
Missiles
 e - a curare-tipped dart {=f}
Armour
 h - a +1 pair of gloves (worn)
 j - a +2 pair of boots of rampaging (worn)
 k - the +0 helmet of Alytirui (worn) {rC+ rN+}
   (You took it off Robin on level 3 of the Dungeon)

   rC:        It protects you from cold.
   rN:        It protects you from negative energy.
 r - a +1 robe of fire resistance
 s - a scarf of shadows (worn)
 u - a +0 kite shield
 w - a +0 robe of the Archmagi (worn)
Jewellery
 b - a +6 ring of intelligence (left hand)
 c - a +4 ring of evasion (right hand)
 f - a ring of positive energy
 p - a +4 ring of evasion
 q - a ring of protection from cold
 t - a ring of poison resistance
Wands
 v - a wand of flame (29)
 x - a wand of iceblast (2)
Scrolls
 d - 4 scrolls of enchant armour
 T - a scroll of teleportation
 W - 3 scrolls of holy word
Potions
 g - 2 potions of curing {unknown}
 i - a potion of attraction {unknown}
 l - a potion of magic {unknown}
 m - a potion of might {unknown}
 n - a potion of degeneration {unknown}
 o - 2 potions of brilliance {unknown}
 z - a potion of lignification {unknown}
 C - 2 potions of berserk rage {!q}
 H - 2 potions of haste
 J - 2 potions of heal wounds


   Skills:
 - Level 6.0 Fighting
 - Level 8.0 Dodging
 - Level 4.0 Stealth
 - Level 6.0 Spellcasting
 - Level 10.0 Conjurations
 - Level 6.0 Hexes
 + Level 9.4 Fire Magic


You had 12 spell levels left.
You knew the following spells:

 Your Spells              Type           Power      Damage    Failure   Level
b - Inner Flame           Hex/Fire       72%        N/A       1%          3
s - Searing Ray           Conj           100%       3d7       1%          2
z - Fulminant Prism       Conj/Hex       36%        3d18      1%          4

Your spell library contained the following spells:

 Spells                   Type           Power      Damage    Failure   Level
 Shock                    Conj/Air       100%       1d9       1%          1
 Corona                   Hex            70%        N/A       1%          1
 Foxfire                  Conj/Fire      100%       2x1d9     1%          1
 Magic Dart               Conj           100%       1d8       1%          1
 Conjure Flame            Conj/Fire      81%        6-21      1%          3
 Dazzling Flash           Conj/Hex       100%       N/A       1%          3
 Stone Arrow              Conj/Erth      100%       3d13      1%          3
 Tukima's Dance           Hex            63%        N/A       1%          3
 Ensorcelled Hibernation  Hex/Ice        82%        N/A       2%          2
 Summon Small Mammal      Summ           52%        N/A       4%          1
 Summon Guardian Golem    Hex/Summ       41%        N/A       4%          3
 Iskenderun's Mystic Bla  Conj/Tloc      57%        2d12      6%          4
 Call Canine Familiar     Summ           13%        N/A       14%         3
 Irradiate                Conj/Tmut      28%        3d23      17%         5
 Lightning Bolt           Conj/Air       28%        1d45      17%         5
 Yara's Violent Unravell  Hex/Tmut       20%        3d9       36%         5
 Airstrike                Air            6%         N/A       43%         4
 Animate Armour           Summ/Erth      26%        N/A       43%         4
 Passage of Golubria      Tloc           N/A        N/A       43%         4
 Summon Lightning Spire   Summ/Air       13%        N/A       43%         4
 Blade Hands              Tmut           6%         N/A       80%         5
 Dragon Form              Tmut           6%         N/A       100%        7
 Lehudib's Crystal Spear  Conj/Erth      28%        10d8      100%        8


Dungeon Overview and Level Annotations

Branches:
Dungeon (10/15)            Temple (1/1) D:7
   Lair: D:8-11         Orc: D:9-12

Altars:
Ashenzari
Cheibriados
Dithmenos
Elyvilon
Fedhas
Gozag
Hepliaklqana
Kikubaaqudgha
Makhleb
Nemelex Xobeh
Okawaru
Qazlal
Ru
Sif Muna
Trog
Uskayaw
Vehumet
Wu Jian
Xom
Yredelemnul
Zin
The Shining One

Shops:
D:4 *   D:6 :   D:7 (   D:10 =


Message History

You feel your power returning.
The searing ray misses the kobold. (Press . to maintain the ray.)
The searing ray hits the kobold!
You kill the kobold!
Vehumet accepts your kill.
The searing ray hits the kobold!
You kill the kobold!
Vehumet accepts your kill.
You hear a shout!
A kobold demonologist comes into view. It is wielding a +0 dagger.
You hear an angry buzzing noise. x2
Casting: Searing Ray (safe; 1% risk of failure)
Confirm with . or Enter, or press ? or * to list all spells.
Aiming: Inner Flame (safe; 1% risk of failure)
Press: ? - help, Shift-Dir - straight line, f - kobold demonologist
Aim: a kobold demonologist, wielding a +0 dagger and wearing a +0 robe (chance to affect: 91%)
You feel a surge of power!
The kobold demonologist is filled with an inner flame.
You feel a surge of power!
The searing ray misses the kobold demonologist. (Press . to maintain the ray.)
The searing ray hits the kobold demonologist!
Flame seeps out of the kobold demonologist.
The kobold demonologist is moderately wounded.
The kobold demonologist is engulfed in blazing flames.
Flame seeps out of the kobold demonologist.
The searing ray hits the kobold demonologist!
Flame seeps out of the kobold demonologist.
The kobold demonologist is severely wounded.
The kobold demonologist is engulfed in blazing flames.
Flame seeps out of the kobold demonologist.
The searing ray hits the kobold demonologist!
Vehumet accepts your kill.
You finish channeling your searing ray.
The kobold demonologist explodes!
The fiery explosion engulfs you!!!
Ouch! That really hurt!
* * * LOW HITPOINT WARNING * * *
You are engulfed in blazing flames.
You die...

.. .# ## ##. .. #..
#.##§###.# #.°○§@...# #
####§##### #.# #.# ###.##
###.# #....## #...#
#..#..# ##.### ##.###..
####...###########...#...
+.......................+
####...###########.>..###


There were no monsters in sight!

Vanquished Creatures
  A hydra (D:9)
  Pikel (D:6)
  A kobold demonologist (D:10)
  A troll (D:6)
  Sigmund (D:4)
  2 wyverns
  An acid dragon (D:8)
  2 water moccasins
  5 orc warriors
  5 ice beasts
  2 sky beasts
  A black bear (D:4)
  3 ogres
  4 centaurs
  A phantom (D:6)
  2 lemures (D:6)
  A kobold brigand (D:8)
  5 bullfrogs
  2 gnoll sergeants
  5 scorpions
  2 water moccasin skeletons
  8 killer bees
  6 wights
  A bullfrog zombie (D:6)
  6 centaur zombies
  4 hounds
  A lava snake (D:9)
  3 orc priests
  3 centaur skeletons
  A gnoll shaman (D:6)
  A bullfrog skeleton (D:6)
  Jessica (D:2)
  A scorpion zombie (D:5)
  Ijyb (D:3)
  5 iguanas
  6 orc wizards
  A hound skeleton (D:4)
  A howler monkey zombie (D:8)
  Robin (D:3)
  6 gnolls
  7 adders
  2 shadow imps
  A white imp (D:8)
  A howler monkey simulacrum (D:9)
  2 ufetubi
  2 worms
  An adder skeleton (D:4)
  5 dart slugs
  23 orcs
  4 endoplasms
  A giant cockroach (D:1)
  14 goblins
  10 hobgoblins
  3 jackals
  2 quokkas
  4 ball pythons
  2 bats (D:1)
  5 frilled lizards
  12 kobolds
  5 rats
211 creatures vanquished.

Vanquished Creatures (others)
  A two-headed ogre (D:8)
  A wizard (D:6)
2 creatures vanquished.

Grand Total: 213 creatures vanquished

Notes
Turn   | Place    | Note
-------+----------+-------------------------------------------
     0 | D:1      | wakim the Deep Elf Conjurer began the quest for the Orb.
     0 | D:1      | Reached XP level 1. HP: 10/10 MP: 6/6
   298 | D:1      | Reached XP level 2. HP: 15/15 MP: 5/8
   302 | D:1      | Learned a level 2 spell: Searing Ray
   906 | D:1      | Found a faded altar of an unknown god.
   990 | D:1      | Reached skill level 5 in Conjurations
  1441 | D:2      | Reached XP level 3. HP: 19/19 MP: 6/10
  1769 | D:2      | Noticed Jessica
  1772 | D:2      | Killed Jessica
  1773 | D:2      | Reached XP level 4. HP: 15/24 MP: 8/12
  2421 | D:2      | Reached skill level 6 in Conjurations
  3419 | D:3      | Noticed Ijyb
  3444 | D:3      | Identified the +0 helmet of Alytirui {rC+ rN+}
  3444 | D:3      | Noticed Robin
  3452 | D:3      | Reached XP level 5. HP: 25/28 MP: 6/13
  3459 | D:3      | Killed Robin
  3557 | D:3      | Killed Ijyb
  3762 | D:3      | Reached skill level 7 in Conjurations
  3902 | D:4      | Found Riet's Assorted Antiques.
  4094 | D:4      | Noticed a black bear
  4100 | D:4      | Killed a black bear
  4101 | D:4      | Reached XP level 6. HP: 32/32 MP: 9/14
  4580 | D:4      | Noticed Sigmund
  4602 | D:4      | Reached skill level 8 in Conjurations
  4691 | D:4      | Learned a level 3 spell: Inner Flame
  5076 | D:5      | Entered Level 5 of the Dungeon
  5095 | D:5      | Reached skill level 1 in Fighting
  5095 | D:5      | Reached skill level 1 in Hexes
  5095 | D:5      | Reached skill level 1 in Fire Magic
  5142 | D:5      | Reached XP level 7. HP: 38/38 MP: 10/15
  6166 | D:5      | Reached XP level 8. HP: 44/44 MP: 11/16
  6888 | D:6      | Reached skill level 5 in Dodging
  6964 | D:6      | Noticed a troll
  6973 | D:6      | Reached skill level 5 in Fire Magic
  7255 | D:6      | Noticed Pikel
  7663 | D:6      | Found a bloodstained altar of Trog.
  7664 | D:6      | Noticed a wizard
  7670 | D:6      | Killed a wizard
  7791 | D:6      | Found Zatsacs's Book Shop.
  7876 | D:6      | Reached XP level 9. HP: 52/52 MP: 13/17
  8208 | D:6      | Killed a troll
  8209 | D:6      | Reached skill level 5 in Fighting
  8569 | D:4      | Killed Sigmund
  8870 | D:6      | Killed Pikel
  8871 | D:6      | Reached skill level 5 in Spellcasting
  9130 | D:7      | Found Zecweahu's Antique Weapon Emporium.
  9174 | D:4      | Bought 2 sedimented silvery potions for 32 gold pieces
  9174 | D:4      | Bought a scroll labelled UGACRU RABI for 18 gold pieces
  9174 | D:4      | Bought a runed opal ring for 90 gold pieces
  9174 | D:4      | Bought a steaming trident for 153 gold pieces
  9174 | D:4      | Identified the +0 trident of Responsibility {elec, rElec
                  | rCorr} (You bought it in a shop on level 4 of the Dungeon)
  9637 | D:7      | Reached XP level 10. HP: 60/60 MP: 15/21
  9698 | D:7      | Found an iron altar of Okawaru.
  9771 | D:7      | Learned a level 4 spell: Fulminant Prism
 10181 | D:7      | Found a staircase to the Ecumenical Temple.
 10187 | Temple   | Entered the Ecumenical Temple
 10448 | Temple   | Became a worshipper of Vehumet
 10547 | D:8      | Found a broken altar of Ashenzari.
 10646 | D:8      | Reached skill level 5 in Hexes
 10898 | D:8      | Reached skill level 9 in Conjurations
 10925 | D:8      | Found a shimmering altar of Xom.
 11186 | D:7      | Noticed a rust devil
 11186 | D:7      | Noticed a rust devil
 12521 | D:8      | Noticed a two-headed ogre
 13072 | D:8      | Killed a two-headed ogre
 13372 | D:9      | Reached * piety under Vehumet
 13372 | D:9      | Offered knowledge of Shock by Vehumet.
 13712 | D:9      | Noticed a five-headed hydra
 13751 | D:9      | Killed a five-headed hydra
 13752 | D:9      | Reached skill level 10 in Conjurations
 14495 | D:10     | Entered Level 10 of the Dungeon
 14497 | D:10     | Found Sakynir's Jewellery Shoppe.
 14913 | D:10     | Engulfed by a cloud of flame

Illustrated notes

Levels and vault maps discovered:
D:1:      dpeg_arrival_rooms_with_view, layout_basic,
          shapermc_ecumenical_altar_venn
D:2:      layout_basic, uniq_jessica
D:3:      layout_basic, dk_vineyard_2, uniq_ijyb, uniq_robin
D:4:      layout_loops_cross, serial_shops, nicolae_stop_n_shop_1,
          corner_web_ring, grunt_decor_cap, uniq_sigmund
D:5:      layout_gridville, minmay_chambers_of_fives
D:6:      minmay_clustersquares, layout_rooms, trog_wizard, serial_shops,
          nicolae_square_shop, uniq_pikel
D:7:      cheibrodos_iron_armory, layout_basic, okawaru_trees_1,
          minmay_temple_entry_fiery, serial_shops, nicolae_shop_trees
D:8:      layout_gridville, xom_confusion_cloud, lemuel_tele_altar
D:9:      layout_rooms, minmay_variable_closet, kennysheep_crisscross,
          kennysheep_just_a_vault
D:10:     layout_loops_corners, minmay_strange_pillars,
          minmay_shop_enchanted_jewellery
Temple:   dpeg_five_rooms_temple

Skill      XL: |  1  2  3  4  5  6  7  8  9 10 |
---------------+-------------------------------+-----
Conjurations   | 5 6 7 8 10 | 10.0
Spellcasting   | 4 6 |  6.0
Dodging        | 3 4 7 8 |  8.0
Stealth        | 3 4 |  4.0
Fighting       | 1 2 4 6 |  6.0
Hexes          | 1 3 4 6 |  6.0
Fire Magic     | 1 3 5 6 9 |  9.4

Action                   |  1- 3 |  4- 6 |  7- 9 | 10-12 || total
-------------------------+-------+-------+-------+-------++-------
Melee: Spear             |       |       |     2 |       ||     2
 Cast: Magic Dart        |    18 |       |     1 |       ||    19
       Searing Ray       |    20 |    43 |    63 |    48 ||   174
       Inner Flame       |       |       |     5 |     6 ||    11
  Use: Scroll            |       |     3 |     4 |     3 ||    10
       Potion            |       |       |       |     1 ||     1
Armor: Robe              |       |     7 |     9 |    15 ||    31
Dodge: Dodged            |     1 |    21 |    57 |    46 ||   125

Table legend: (Time is in decaauts)
 A = Elapsed time spent in this place.
 B = Non-inter-level travel time spent in this place.
 C = Inter-level travel time spent in this place.
 D = Time resting spent in this place.
 E = Time spent auto-exploring this place.
 F = Levels seen in this place.
 G = Mean time per level.
                   A        B        C        D        E       F      G
               +--------+--------+--------+--------+--------+-----+--------+
         Total |  14933 |  13642 |   1291 |   1413 |  10609 |  11 | 1357.5 |
       Dungeon |  14638 |  13379 |   1259 |   1413 |  10364 |  10 | 1463.8 |
        Temple |    294 |    262 |     32 |      0 |    245 |   1 |  294.0 |
               +--------+--------+--------+--------+--------+-----+--------+

Top non-repeatable levels by time:
     D:8: 2098 daAuts
     D:5: 1971 daAuts
     D:7: 1930 daAuts
     D:6: 1880 daAuts
     D:2: 1566 daAuts
     D:1: 1417 daAuts
     D:4: 1207 daAuts
     D:9: 1127 daAuts
     D:3: 1020 daAuts
    D:10: 417 daAuts
  Temple: 294 daAuts
